 Dungeon Crawl Stone Soup version 0.19.0-2-gae57169 (webtiles) character file.

67 Patchouli the Magician (level 3, -2/19 HPs)
             Began as a Deep Elf Fire Elementalist on Nov 7, 2016.
             Slain by an orc wizard
             ... wielding a +0 dagger
              (3 damage)
             ... on level 4 of the Dungeon.
             The game lasted 00:07:45 (1090 turns).

Patchouli the Magician (Deep Elf Fire Elementalist) Turns: 1090, Time: 00:07:45

Health: -2/19      AC:  2    Str:  5    XL:     3   Next: 98%
Magic:  10/10      EV: 19    Int: 20    God:
Gold:   68         SH:  0    Dex: 20    Spells: 3 memorised, 3 levels left

rFire  + . .     SeeInvis .     d - +0 club
rCold  . . .     Gourm    .     a - +0 robe
rNeg   + . .     Faith    .     (no shield)
rPois  .         Spirit   .     (no helmet)
rElec  .         Reflect  .     (no cloak)
rCorr  .         Harm     .     (no gloves)
MR     .....                    (no boots)
Stlth  ++........               (no amulet)
                                n - ring of protection from fire
                                h - ring of positive energy

@: confused, agile, flying
A: no striking features
a: no special abilities


You were on level 4 of the Dungeon.
You were hungry.

You visited 1 branch of the dungeon, and saw 5 of its levels.

You collected 68 gold pieces.

Inventory:

Hand Weapons
 d - a +0 club (weapon)
Armour
 a - a +0 robe (worn)
Jewellery
 h - a ring of positive energy (left hand)
 k - a +5 amulet of reflection {unknown}
 n - a ring of protection from fire (right hand)
Scrolls
 e - a scroll of recharging
 f - a scroll of magic mapping {unknown}
 l - 2 scrolls of fog {unknown}
Potions
 g - a potion of agility
 i - a potion of resistance
 o - a potion of mutation {unknown}
Books
 b - a book of Flames

   Spells                             Type                      Level
   a - Flame Tongue                   Conjuration/Fire             1
   b - Throw Flame                    Conjuration/Fire             2
   c - Conjure Flame                  Conjuration/Fire             3
   d - Inner Flame                    Hexes/Fire                   3
   e - Sticky Flame                   Conjuration/Fire             4
   f - Fireball                       Conjuration/Fire             5
Comestibles
 c - a bread ration


   Skills:
 + Level 3.2 Dodging
 - Level 2.4 Stealth
 + Level 4.0 Spellcasting
 + Level 2.1 Conjurations
 + Level 1.0 Hexes
 + Level 3.8 Fire Magic


You had 3 spell levels left.
You knew the following spells:

 Your Spells              Type           Power        Failure   Level  Hunger
a - Flame Tongue          Conj/Fire      ###..        3%          1    None
c - Conjure Flame         Conj/Fire      ###.....     12%         3    ###....
i - Inner Flame           Hex/Fire       ##......     17%         3    ###....


Dungeon Overview and Level Annotations

Branches:
Dungeon (5/15)
 Temple: D:4-7

Altars:
Makhleb

Annotations:
D:3 moozooh's ghost, weakling TrMo


Message History

Beogh smites you!
Ouch! That really hurt!
* * * LOW HITPOINT WARNING * * *
The orc wizard casts a spell at you.
You are confused.
An orc wizard comes into view. It is wielding a dagger.
You're too confused to move!
The orc wizard shouts!
The orc wizard moves out of view.
An orc and an ogre come into view.
It was a potion of agility.
You feel agile all of a sudden.
The ogre moves out of view.
It was a potion of flight.
You feel very buoyant.
You fly up into the air.
The orc priest looks satisfied for a moment.
It was a potion of cure mutation.
It has a very clean taste.
The orc wizard hits you with a dagger.
You die...

.. .. ##o
#.o # #.# #
..##.##o##.#
...........#
#.#####o####
###@###
#.....#
#....>#
#.....#
#.....#
#.....#
#######


You could see an orc priest, 2 orc wizards and an orc.

Vanquished Creatures
  A hound (D:4)
  A worm (D:2)
  A leopard gecko (D:2)
  An orc (D:4)
  6 hobgoblins
  4 jackals
  4 kobolds
  A quokka (D:2)
  3 ball pythons
  3 bats (D:1)
  2 frilled lizards
  2 goblins
  3 rats
32 creatures vanquished.

Notes
Turn   | Place    | Note
-------+----------+-------------------------------------------
     0 | D:1      | Patchouli the Deep Elf Fire Elementalist began the quest for the Orb.
     0 | D:1      | Reached XP level 1. HP: 10/10 MP: 6/6
   219 | D:1      | Reached XP level 2. HP: 15/15 MP: 1/8
   457 | D:3      | Noticed moozooh's ghost (weakling TrMo)
   619 | D:2      | Reached XP level 3. HP: 17/19 MP: 3/10
   624 | D:2      | Learned a level 3 spell: Conjure Flame
   628 | D:2      | Learned a level 3 spell: Inner Flame
   636 | D:2      | Found a burning altar of Makhleb.
  1002 | D:4      | Reached skill level 4 in Spellcasting
  1002 | D:4      | Reached skill level 1 in Hexes
  1078 | D:5      | Entered Level 5 of the Dungeon
  1088 | D:4      | Noticed an ogre
  1090 | D:4      | Slain by an orc wizard

Skill      XL: |  1  2  3 |
---------------+----------+-----
Dodging        | 3 |  3.2
Spellcasting   | 4 |  4.0
Conjurations   | 2 |  2.1
Hexes          | 1 |  1.0
Stealth        | |  2.4
Fire Magic     | |  3.8

Action                   || total
-------------------------++-------
Melee: Club              ||     1
 Cast: Flame Tongue      ||    70
       Conjure Flame     ||     2
       Inner Flame       ||     1
  Use: Scroll            ||     3
       Potion            ||     3
Armor: Robe              ||     8
Dodge: Dodged            ||    32
